AoeStats
← [AirBo]一大包

Arabia

507742141Analyzed
4v4 RM · 11d ago on Sep 19, 2026· 31m 10s· 8 players
Game mode
Random Map
Map size
Large (8 player)
Population
200
Speed
Normal
Resources
Standard
Victory
Conquest
Starting age
Dark Age
Ending age
Imperial Age
RankedLock teamsTeams togetherTeam positionsShared explorationLock speedFull tech treeHidden civsTurbo modeCheats
Victory
Defeat
🇩🇪 Maya · Germany
1704
+15
🇬🇧 Khmer · United Kingdom
1682
+16
🇵🇪 Mongols · Peru
1636
+18
🇨🇳 Italians · China
1550
+21
🇦🇷 Tupi · Argentina
1736
-20
🇭🇰 Wei · Hong Kong SAR China
1714
-19
🇹🇼 Maya · Taiwan
1633
-16
🇹🇼 Persians · Taiwan
1620
-15
LE | Dabighead
6:27 Loom
8:48 Feudal Age
10:24 Double-Bit Axe
11:11 Town Watch
14:13 Horse Collar
16:44 Scale Barding Armor
17:58 Forging
23:27 Castle Age
21:51 Gold Mining
22:46 Bloodlines
24:23 Bow Saw
24:35 Chain Barding Armor
23:36 Light Cavalry
24:17 Husbandry
28:48 Heavy Plow
29:44 Iron Casting
AndyThePro
0:28 Loom
9:20 Feudal Age
10:09 Double-Bit Axe
14:31 Fletching
22:38 Castle Age
21:00 Gold Mining
22:46 Horse Collar
23:18 Bodkin Arrow
22:55 Crossbowman
23:54 Bow Saw
25:33 Ballistics
26:08 Padded Archer Armor
29:22 Leather Archer Armor
31:48 Wheelbarrow
Fallout
9:02 Feudal Age
10:57 Bloodlines
14:20 Scale Barding Armor
16:01 Forging
24:42 Castle Age
23:01 Double-Bit Axe
23:14 Horse Collar
23:43 Gold Mining
26:39 Iron Casting
26:26 Chain Barding Armor
27:26 Husbandry
31:23 Iron Casting
czj136
5:03 Loom
8:44 Feudal Age
11:21 Fletching
13:03 Padded Archer Armor
21:28 Town Watch
25:09 Castle Age
23:48 Gold Mining
24:13 Double-Bit Axe
25:10 Crossbowman
25:56 Bodkin Arrow
27:35 Ballistics
28:55 Leather Archer Armor
31:34 Thumb Ring
[AirBo]一大包
8:59 Feudal Age
7:39 Loom
9:49 Double-Bit Axe
9:46 Horse Collar
16:58 Scale Barding Armor
19:17 Forging
20:21 Bloodlines
24:13 Castle Age
23:24 Gold Mining
24:09 Light Cavalry
25:10 Chain Barding Armor
24:52 Husbandry
26:12 Iron Casting
26:21 Bow Saw
27:23 Wheelbarrow
甜心包
0:26 Loom
9:18 Feudal Age
10:07 Double-Bit Axe
12:54 Fletching
16:09 Padded Archer Armor
23:32 Castle Age
23:37 Crossbowman
24:21 Bodkin Arrow
26:44 Ballistics
26:58 Thumb Ring
29:22 Bow Saw
29:05 Gold Mining
[AirBo]實心包
6:09 Loom
9:12 Feudal Age
9:47 Double-Bit Axe
15:45 Scale Barding Armor
18:06 Bloodlines
20:53 Forging
25:12 Horse Collar
30:12 Castle Age
29:19 Gold Mining
30:05 Wheelbarrow
31:18 Chain Barding Armor
[AirBo]空氣包
5:53 Loom
9:46 Feudal Age
12:29 Fletching
15:19 Padded Archer Armor
25:27 Castle Age
23:49 Double-Bit Axe
23:46 Horse Collar
26:22 Bow Saw
25:34 Crossbowman
26:11 Bodkin Arrow
26:23 Town Watch
27:32 Ballistics
31:57 Leather Archer Armor
Connection lost

Rejoining the realm…

Still unreachable

The connection could not be restored.

Session expired

The server has moved on; the page needs a fresh start.